 Dungeon Crawl Stone Soup version 0.29-a0-243-g602b31c20e (webtiles) character file.

Game seed: 11226512342450909505

977 Ajdolov the Martial Artist (level 8, -3/55 HPs)
             Began as an Octopode Transmuter on Mar 4, 2022.
             Killed from afar by an orc wizard (11 damage)
             ... with a puff of flame
             ... on level 6 of the Dungeon.
             The game lasted 00:13:57 (7925 turns).

Ajdolov the Martial Artist (Octopode Transmuter)    Turns: 7925, Time: 00:13:58

Health: -3/55      AC:  2    Str:  9    XL:     8   Next: 17%
Magic:  9/11       EV: 19    Int: 18    God:
Gold:   263        SH:  0    Dex: 17    Spells: 3/11 levels left

rFire   . . .      SeeInvis .     - Unarmed
rCold   . . .      Faith    .   (shield currently unavailable)
rNeg    . . .      Spirit   .   (helmet currently unavailable)
rPois   x          Reflect  .   (no amulet)
rElec   .          Harm     .   (no ring)
rCorr   .          Rampage  .   (no ring)
Will    .....                   (no ring)
Stlth   ++........              (no ring)
HPRegen 0.18/turn               (no ring)
MPRegen 0.12/turn               (no ring)
                                (no ring)
                                (no ring)

@: spider-form (expiring)
A: venomous fangs, almost no armour, (amphibious), 8 rings, tiny, (camouflage
1), (gelatinous body 1), (nimble swimmer 1), (tentacles)
a: End Transformation


You were on level 6 of the Dungeon.
You were a venomous arachnid creature.
You visited 1 branch of the dungeon, and saw 6 of its levels.

You collected 263 gold pieces.

Inventory:

Missiles
 b - a throwing net
 l - 7 poisoned darts
Wands
 g - a wand of iceblast (14)
 q - a wand of digging (4)
 v - a wand of flame (11)
Scrolls
 c - 8 scrolls of identify {unknown}
 h - 2 scrolls of vulnerability {unknown}
 j - 2 scrolls of fog {unknown}
 k - a scroll of amnesia {unknown}
 m - a scroll of blinking {unknown}
 p - 2 scrolls of teleportation {unknown}
 t - a scroll of fear {unknown}
Potions
 a - a potion of haste {unknown}
 d - 2 potions of degeneration {unknown}
 e - 2 potions of ambrosia {unknown}
 f - a potion of curing
 i - a potion of might {unknown}
 n - 4 potions of berserk rage {unknown}
 o - 2 potions of heal wounds {unknown}
 r - a potion of attraction {unknown}
 s - 2 potions of lignification {unknown}
 u - a potion of resistance {unknown}


   Skills:
 + Level 5.2 Fighting
 - Level 2.0 Dodging
 * Level 8.1 Unarmed Combat
 - Level 2.0 Spellcasting
 - Level 2.0 Transmutations


You had 3 spell levels left.
You knew the following spells:

 Your Spells              Type           Power      Damage    Failure   Level
a - Beastly Appendage     Tmut           18%        N/A       21%         1
b - Spider Form           Tmut/Pois      5%         N/A       56%         3
c - Ice Form              Ice/Tmut       5%         N/A       89%         4

Your spell library contained the following spells:

 Spells                   Type           Power      Damage    Failure   Level
 Wereblood                Tmut           9%         N/A       28%         2
 Summon Small Mammal      Summ           4%         N/A       38%         1
 Call Canine Familiar     Summ           1%         N/A       69%         3
 Dazzling Flash           Conj/Hex       2%         N/A       69%         3
 Summon Guardian Golem    Hex/Summ       1%         N/A       69%         3
 Agony                    Necr           1%         N/A       100%        5
 Silence                  Hex/Air        0%         N/A       100%        5


Dungeon Overview and Level Annotations

Branches:
Dungeon (6/15)
 Temple: D:4-7

Altars:
Fedhas
Vehumet
Xom
The Shining One

Shops:
D:1 =   D:3 *   D:4 (*

Annotations:
D:6 Blork the orc


Innate Abilities, Weirdness & Mutations

You are a venomous arachnid creature.
You have poisonous fangs.
You are tiny and dextrous.
Your spellcasting is less reliable in this form.
Your armour is entirely melded.
You are incapable of wielding weapons or throwing items.
You cannot wear most types of armour.
((You are amphibious.))
You can wear up to eight rings at the same time.
((Your skin changes colour to match your surroundings (Stealth+).))
((Your rubbery body absorbs attacks. (AC +1, EV +1)))
((You are camouflaged when in or above water. (Stealth+)))
((You have tentacles for arms and can constrict up to eight enemies at once.))


Message History

There is a stone staircase leading up here.
Found a blossoming altar of Fedhas.
Found a stone staircase leading down.
There is a stone staircase leading down here.
Blork the orc comes into view.
He is wielding a +2 halberd of protection.
Blork the orc shouts!
Blork the orc screams, "I don't like you!"
Blork the orc gestures at you while chanting.
The puff of flame hits you!
Casting: Spider Form (dangerous; 34% risk of failure)
Press: ? - help, Q - select action, (/) - cycle Dir - look around, f - activate You turn into a venomous arachnid creature.
Blork the orc gestures at you while chanting.
The puff of flame hits you!
An orc wizard comes into view. It is wielding a +0 dagger.
Blork the orc points at you and mumbles some strange words.
The magic dart hits you!
The orc wizard shouts!
You hit Blork the orc.
Blork the orc is lightly wounded.
You hear a shout!
Something shouts, "Admit defeat, thou fulsome knotty-pated harpy!"
You hear a shout!
Blork the orc closely misses you.
You hit Blork the orc but do no damage.
Blork the orc is lightly wounded.
Blork the orc hits you with a +2 halberd of protection!
* * * LOW HITPOINT WARNING * * *
You hit Blork the orc.
Blork the orc is poisoned.
Blork the orc is lightly wounded.
Your transformation is almost over.
You hit Blork the orc.
Blork the orc is moderately wounded.
Blork the orc casts a spell at you. The magic dart hits you!
* * * LOW HITPOINT WARNING * * *
Blork the orc closely misses you.
The orc wizard points at you and mumbles some strange words.
The puff of flame hits you!
You die...

.#.......# .....#.
.......... .....#..
......... #....#.#
#.#.....# #....§.#
#.#.. ..# # #....§§#
#.#.# ..#.### #....≈.#
#.#.##oo.....
#....≈.###............
#....≈...>...s#.#.####
#######.≈§.#####.#.#
...........### #.#..
.#####........##.###.
.#####.._..##.##.# .#
....##.....# ##.# .
.##.##........ ..# ##
........≈.##.# .##
#####...≈.# #.#.


You could see Blork the orc (poisoned) and an orc wizard.

Vanquished Creatures
  A black bear (D:4)
  2 ogres (D:4)
  2 phantoms (D:5)
  2 vampire bats (D:4)
  A howler monkey (D:5)
  A jelly (D:5)
  A hound (D:4)
  An iguana (D:5)
  4 orc wizards
  Ijyb (D:5)
  7 adders
  2 ufetubi
  3 worms
  3 dart slugs
  23 orcs
  6 ball pythons
  9 endoplasms
  4 giant cockroaches
  9 goblins
  3 hobgoblins
  9 jackals
  9 quokkas
  14 bats
  2 frilled lizards
  10 kobolds
  4 rats
133 creatures vanquished.

Vanquished Creatures (others)
  7 fungi (D:2)
  12 plants
19 creatures vanquished.

Grand Total: 152 creatures vanquished

Notes
Turn   | Place    | Note
-------+----------+-------------------------------------------
     0 | D:1      | Ajdolov the Octopode Transmuter began the quest for the
                  | Orb.
     0 | D:1      | Reached XP level 1. HP: 13/13 MP: 3/3
   196 | D:1      | Reached XP level 2. HP: 17/18 MP: 5/5
   706 | D:1      | Reached XP level 3. HP: 22/24 MP: 6/6
   715 | D:1      | Learned a level 3 spell: Spider Form
  1017 | D:1      | Found Uneileomumn's Jewellery Emporium.
  1452 | D:2      | Found a shimmering altar of Xom.
  1520 | D:2      | Reached skill level 4 in Unarmed Combat
  1522 | D:2      | Found a faded altar of an unknown god.
  2047 | D:2      | Reached XP level 4. HP: 29/29 MP: 3/7
  3031 | D:3      | Found a radiant altar of Vehumet.
  3413 | D:3      | Reached XP level 5. HP: 31/35 MP: 8/8
  3418 | D:3      | Learned a level 4 spell: Ice Form
  3689 | D:3      | Found Qean's General Store.
  4066 | D:3      | Reached skill level 5 in Unarmed Combat
  4911 | D:4      | Noticed a black bear
  5079 | D:4      | Found Xaesir's Antique Weapon Emporium.
  5199 | D:4      | Found Xizez's Overcharged Wands.
  5598 | D:4      | Found a glowing golden altar of the Shining One.
  5634 | D:4      | Reached XP level 6. HP: 30/42 MP: 6/9
  5929 | D:4      | Reached skill level 6 in Unarmed Combat
  6349 | D:4      | Reached XP level 7. HP: 37/48 MP: 10/10
  6607 | D:4      | Reached skill level 7 in Unarmed Combat
  6787 | D:5      | Entered Level 5 of the Dungeon
  7298 | D:5      | Reached XP level 8. HP: 43/54 MP: 7/11
  7351 | D:5      | Reached skill level 5 in Fighting
  7512 | D:5      | Reached skill level 8 in Unarmed Combat
  7731 | D:5      | Noticed Ijyb
  7748 | D:5      | Killed Ijyb
  7901 | D:6      | Found a blossoming altar of Fedhas.
  7915 | D:6      | Noticed Blork the orc
  7925 | D:6      | Killed from afar by an orc wizard

Illustrated notes

Levels and vault maps discovered:
D:1:      dpeg_arrival_more_subterranean_lakeside_camping, layout_basic,
          serial_shops, shop, serial_bayou, serial_bayou_pond_b,
          serial_bayou_lagoon_a, serial_bayou_crossing, serial_bayou_lake_a,
          grunt_decor_fettered
D:2:      layout_basic, shapermc_ecumenical_altar_mp_urbaneastern,
          serial_aquarium, aquarium_bridge_square [aquarium_subvault_balcony,
          aquarium_subvault_balcony, aquarium_subvault_bridge,
          aquarium_subvault_bridge], aquarium_bridge_straight
          [aquarium_subvault_bridge, aquarium_subvault_wall,
          aquarium_subvault_bridge, aquarium_subvault_wall],
          aquarium_window_corner, aquarium_window_corner,
          aquarium_window_corner, aquarium_window_1, aquarium_view_2e,
          aquarium_balcony_3b, aquarium_pool_1, basic_altar
D:3:      layout_basic, mainiacjoe_overflow_tiny_flanked, serial_shops,
          nicolae_shop_trees, lemuel_flame_loot_1
D:4:      layout_loops_ring, pf_just_have_faith, serial_shops,
          nicolae_shop_advertising_works [nicolae_subvault_shop_adworks],
          roderic_batcave, minmay_door_square, nicolae_shop_overcharged_wands
D:5:      layout_rooms, lemuel_old_faithful, uniq_ijyb
D:6:      layout_loops_cross, mainiacjoe_overflow_boulevard,
          minmay_temple_entry_slanted, hangedman_decor_clover_reticule,
          uniq_blork_the_orc

Skill      XL: |  1  2  3  4  5  6  7  8 |
---------------+-------------------------+-----
Unarmed Combat | 4 5 6 7 8 |  8.1
Fighting       | 2 3 4 5 |  5.2
Dodging        | |  2.0
Spellcasting   | |  2.0
Transmutations | |  2.0

Action                   |  1- 3 |  4- 6 |  7- 9 || total
-------------------------+-------+-------+-------++-------
Melee: Unarmed           |   107 |   176 |    90 ||   373
       Tentacles         |    22 |    20 |    10 ||    52
       Constrict         |    23 |    24 |     8 ||    55
       Punch             |     2 |     3 |     3 ||     8
Throw: Dart              |       |     8 |       ||     8
 Cast: Spider Form       |     3 |     9 |     8 ||    20
  Use: Potion            |       |     1 |       ||     1
 Stab: Sleeping          |     3 |     5 |     4 ||    12
Armor: Skin              |     6 |    16 |     8 ||    30
Dodge: Dodged            |    67 |   102 |    48 ||   217

Table legend: (Time is in decaauts)
 A = Elapsed time spent in this place.
 B = Non-inter-level travel time spent in this place.
 C = Inter-level travel time spent in this place.
 D = Time resting spent in this place.
 E = Time spent auto-exploring this place.
 F = Levels seen in this place.
 G = Mean time per level.
                   A        B        C        D        E       F      G
               +--------+--------+--------+--------+--------+-----+--------+
         Total |   7895 |   7506 |    389 |   2504 |   3637 |   6 | 1315.8 |
       Dungeon |   7895 |   7506 |    389 |   2504 |   3637 |   6 | 1315.8 |
               +--------+--------+--------+--------+--------+-----+--------+

Top non-repeatable levels by time:
     D:2: 2040 daAuts
     D:4: 1757 daAuts
     D:3: 1658 daAuts
     D:1: 1439 daAuts
     D:5: 963 daAuts
     D:6: 36 daAuts
